 Dungeon Crawl Stone Soup version 0.31-a0-240-gb923e448b6 (webtiles) character file.

Game seed: 15302661160057949059

391 qw the Shooter (level 6, 0/40 HPs)
             Began as a Gargoyle Hexslinger on July 11, 2023.
             Slain by a bat (1 damage)
             ... summoned by Eustachio
             ... on level 4 of the Dungeon.
             The game lasted 00:01:28 (3049 turns).

qw the Shooter (Gargoyle Hexslinger)                Turns: 3049, Time: 00:01:28

Health: 0/40       AC: 18    Str: 12      XL:     6   Next: 80%
Magic:  7/7        EV: 10    Int: 13      God:
Gold:   91         SH:  0    Dex: 13 (14) Spells: 6/7 levels left

rFire   . . .        Y - +1 sling
rCold   . . .        (no shield)
rNeg    + . .        f - +3 ring mail
rPois   inf          (no helmet)
rElec   +            g - +2 cloak
rCorr   .            i - +2 pair of gloves
SInv    .            (no boots)
Will    .....        (no amulet)
Stlth   +            (no ring)
HPRegen 0.26/turn    (no ring)
MPRegen 0.10/turn

%: no passive effects
@: no status effects
A: sickness immunity, AC +4, negative energy resistance 1, electricity
resistance, torment resistance 1, petrification resistance
a: no special abilities


You were on level 4 of the Dungeon.
You visited 1 branch of the dungeon, and saw 4 of its levels.

You collected 91 gold pieces.


Innate Abilities, Weirdness & Mutations

You are immune to sickness and miasma.
Your stone body is resilient. (AC +4)
You are immune to poison.
You resist negative energy. (rN+)
You are resistant to electric shocks. (rElec)
You are resistant to unholy torment.
You are immune to petrification.


   Skills:
 - Level 5.0 Fighting
 + Level 5.1 Ranged Weapons
 - Level 1.0 Armour
 - Level 1.5 Dodging
 - Level 1.0 Spellcasting
 - Level 2.6 Hexes


You had 6 spell levels left.
You knew the following spells:

 Your Spells              Type           Power      Damage    Failure   Level
a - Slow                  Hex            28%        N/A       22%         1

Your spell library contained the following spells:

 Spells                   Type           Power      Damage    Failure   Level
 Inner Flame              Hex/Fire       4%         N/A       73%         3
 Portal Projectile        Hex/Tloc       8%         N/A       73%         3
 Cause Fear               Hex            3%         N/A       91%         4

Inventory:

Hand Weapons
 Y - a +1 sling (weapon)
Armour
 f - a +3 ring mail (worn)
 g - a +2 cloak (worn)
 i - a +2 pair of gloves (worn)
Jewellery
 b - a +4 ring of protection
Potions
 a - a potion of brilliance {unknown}
 d - a potion of curing {unknown}
 e - a potion of ambrosia {unknown}
 h - a potion of mutation {unknown}
 k - a potion of lignification {unknown}

Dungeon Overview and Level Annotations

Branches:
Dungeon (4/15)
 Temple: D:4-7

Altars:
Cheibriados

Annotations:
D:4 Eustachio


Message History

You shoot a sling bullet.
The sling bullet closely misses the quasit.
The bat closely misses you. The quasit completely misses you.
The quasit claws you but does no damage.
The quasit barely misses you. The rat bites you but does no damage.
Eustachio gestures wildly while chanting.
The quasit bites you but does no damage.
The quasit claws you but does no damage. x2
The rat closely misses you.
You shoot a sling bullet.
The sling bullet closely misses the quasit.
The bat hits you but does no damage.
The quasit bites you but does no damage.
The quasit claws you but does no damage. x2
The crimson imp grinds its teeth.
The rat bites you but does no damage.
Eustachio casts a spell.
Eustachio blinks!
The crimson imp blinks!
The quasit bites you but does no damage.
The quasit claws you.
The quasit claws you but does no damage.
You shoot a sling bullet.
The sling bullet barely misses the quasit.
The bat closely misses you.
The quasit bites you but does no damage.
The quasit claws you but does no damage. x2
The rat bites you but does no damage.
Eustachio casts a spell.
Eustachio blinks!
The bat closely misses you.
You shoot a sling bullet. The sling bullet hits the quasit.
The quasit is heavily wounded.
The bat hits you but does no damage. The quasit barely misses you.
The quasit claws you but does no damage.
The quasit claws you. The rat barely misses you. The quasit closely misses you.
The quasit claws you but does no damage.
The quasit closely misses you.
You shoot a sling bullet.
The sling bullet closely misses the quasit.
The bat hits you.
You die...

#### ... .@# r(##
5r.
#################r#
.#.............b@5#
...################
...#######...
.#.........##
.............
##...........
##...######..
.#...# .....######


You could see Eustachio, a quasit (summoned), a river rat (summoned), an
ufetubus (summoned), a bat (summoned) and 2 rats.

Vanquished Creatures
  Grinder (D:4)
  3 gnolls (D:2)
  10 adders
  A white imp (D:3)
  A worm (D:4)
  A dart slug (D:1)
  4 orcs
  3 bats
  6 endoplasms
  3 hobgoblins
  8 jackals
  3 quokkas (D:1)
  4 ball pythons
  4 frilled lizards (D:1)
  6 goblins
  5 kobolds
  5 rats
68 creatures vanquished.

Notes
Turn   | Place    | Note
-------+----------+-------------------------------------------
     0 | D:1      | qw the Gargoyle Hexslinger began the quest for the Orb.
     0 | D:1      | Reached XP level 1. HP: 12/12 MP: 2/2
     0 | D:1      | 0 ||| qw: Version: 0.3-a-52-g30416fa
     0 | D:1      | 0 ||| qw: Game counter: 6112
     0 | D:1      | 0 ||| qw: Melee chars always use a shield: true
     0 | D:1      | 0 ||| qw: God list: Okawaru
     0 | D:1      | 0 ||| qw: Allow faded altars: false
     0 | D:1      | 0 ||| qw: Do Orc after clearing Dungeon:15 true
     0 | D:1      | 0 ||| qw: Do second Lair branch before Depths: true
     0 | D:1      | 0 ||| qw: Lair rune preference: random
     0 | D:1      | 0 ||| qw: Goals: Normal
     0 | D:1      | 0 ||| PLANNING D:1-11
     7 | D:1      | Noticed a minotaur skeleton
    56 | D:1      | Found a faded altar of an unknown god.
   168 | D:1      | Reached XP level 2. HP: 16/16 MP: 3/3
   346 | D:1      | Reached skill level 3 in Ranged Weapons
   802 | D:1      | 802 ||| UPGRADING to +3 ring mail.
   812 | D:1      | 812 ||| DROPPING +0 robe.
   813 | D:1      | 813 ||| READING scroll labelled RASTAE HEICOF.
   814 | D:1      | 814 ||| DROPPING scroll of poison.
   849 | D:2      | Reached XP level 3. HP: 21/21 MP: 4/4
   914 | D:2      | Identified the +3 falchion "Ligov" {freeze, rC+ Str+3
                  | Stlth-}
  1136 | D:2      | HP: 5/21 [gnoll/+0 halberd (7)]
  1142 | D:2      | Reached XP level 4. HP: 8/26 MP: 5/5
  1395 | D:2      | Reached skill level 1 in Armour
  1638 | D:2      | 1638 ||| UPGRADING to +2 cloak.
  1643 | D:2      | 1643 ||| UPGRADING to +0 pair of gloves.
  1648 | D:2      | 1648 ||| READING 2 scrolls of enchant armour.
  1648 | D:2      | 1648 ||| ENCHANTING +0 pair of gloves.
  1649 | D:2      | 1649 ||| READING scroll of enchant armour.
  1649 | D:2      | 1649 ||| ENCHANTING +1 pair of gloves.
  1650 | D:2      | 1650 ||| READING 2 scrolls labelled SOCKYMO XAUS.
  1651 | D:2      | 1651 ||| READING scroll labelled REIDEO MAAFF.
  1652 | D:2      | 1652 ||| DROPPING scroll of blinking.
  1908 | D:3      | Identified the +9 rapier "Nucoud" {vamp, rC- Dex+4 Stlth+}
  1949 | D:3      | Reached XP level 5. HP: 26/30 MP: 6/6
  2003 | D:3      | 2003 ||| FLEEEEING.
  2004 | D:3      | 2004 ||| FLEEEEING.
  2298 | D:3      | 2298 ||| DROPPING +3 leather armour.
  2299 | D:3      | 2299 ||| READING scroll labelled FOEFEHE EHEDO.
  2300 | D:3      | 2300 ||| READING scroll labelled VACWIO NEABY.
  2301 | D:3      | 2301 ||| DRINKING 2 lumpy grey potions.
  2406 | D:3      | 2406 ||| DROPPING potion of berserk rage.
  2482 | D:4      | Found a snail-covered altar of Cheibriados.
  2654 | D:4      | Noticed Grinder
  2655 | D:4      | Paralysed by Grinder for 5 turns
  2674 | D:4      | 2674 ||| FLEEEEING.
  2675 | D:4      | 2675 ||| FLEEEEING.
  2686 | D:4      | 2686 ||| FLEEEEING.
  2687 | D:4      | 2687 ||| FLEEEEING.
  2688 | D:4      | 2688 ||| FLEEEEING.
  2689 | D:4      | 2689 ||| FLEEEEING.
  2690 | D:4      | 2690 ||| FLEEEEING.
  2691 | D:4      | 2691 ||| FLEEEEING.
  2702 | D:4      | Paralysed by Grinder for 3 turns
  2714 | D:4      | Killed Grinder
  2715 | D:4      | Reached XP level 6. HP: 20/40 MP: 7/7
  2969 | D:4      | Noticed Eustachio
  2996 | D:4      | HP: 8/40 [white imp/puff of frost[Eustachio] (11)]
  3003 | D:4      | HP: 7/40 [Eustachio/+0 falchion of holy wrath (3)]
  3013 | D:4      | HP: 7/40 [quokka[Eustachio] (3)]
  3023 | D:4      | HP: 6/40 [Eustachio/+0 falchion of holy wrath (2)]
  3035 | D:4      | HP: 5/40 [Eustachio/+0 falchion of holy wrath (5)]
  3040 | D:4      | HP: 2/40 [rat[Eustachio] (2)]
  3046 | D:4      | HP: 1/40 [quasit[Eustachio] (1)]
  3049 | D:4      | Slain by a bat

Levels and vault maps discovered:
D:1:      shiori_arrival_whats_in_store_for_you, layout_loops_corners,
          hellmonk_ecumenical_altar_crossroads
D:2:      layout_loops_ring
D:3:      layout_basic, chequers_serial_rivers_micro_d, nicolae_half_adder
D:4:      layout_basic, mainiacjoe_overflow_surrounded_room,
          nicolae_figureground_pulse, uniq_eustachio, uniq_duvessa, uniq_grinder

Skill      XL: |  1  2  3  4  5 |
---------------+----------------+-----
Ranged Weapons | 3 4 5 |  5.1
Fighting       | 2 5 |  5.0
Armour         | 1 |  1.0
Dodging        | |  1.5
Spellcasting   | |  1.0
Hexes          | |  2.6

Action                     |  1- 3 |  4- 6 || total
---------------------------+-------+-------++-------
   Fire: Sling             |   104 |   282 ||   386
    Use: Scroll            |     1 |     6 ||     7
         Potion            |       |     1 ||     1
 Armour: Robe              |    13 |       ||    13
         Ring mail         |     3 |   229 ||   232
  Dodge: Dodged            |    32 |   219 ||   251

Table legend:
 A = Non-vault XP
 B = Vault XP
 C = Vault XP percentage of total XP
 D = Non-vault monster count
 E = Vault monster count
 F = Vault count percentage of total count
                 A         B        C        D         E       F
            +---------+---------+-------+---------+---------+-------
      Total |     242 |     317 |  56.7 |      64 |       4 |   5.9
            +---------+---------+-------+---------+---------+-------
        D:1 |      33 |       0 |   0.0 |      21 |       0 |   0.0
        D:2 |      92 |       0 |   0.0 |      18 |       0 |   0.0
        D:3 |      69 |      40 |  36.7 |      14 |       3 |  17.6
        D:4 |      48 |     277 |  85.2 |      11 |       1 |   8.3
            +---------+---------+-------+---------+---------+-------
